 Dungeon Crawl Stone Soup version 0.23.2 (webtiles) character file.

Game seed: 18411021505039582903

76 Borgoz the Cutter (level 4, -11/28 HPs)
             Began as a Kobold Gladiator on Apr 12, 2019.
             Mangled by an ogre
             ... wielding a +0 giant spiked club
              (24 damage)
             ... on level 3 of the Dungeon.
             The game lasted 00:01:45 (1018 turns).

Borgoz the Cutter (Kobold Gladiator)                Turns: 1018, Time: 00:01:45

Health: -11/28     AC:  4    Str: 12    XL:     4   Next: 57%
Magic:  4/4        EV: 16    Int:  9    God:
Gold:   69         SH:  0    Dex: 16    Spells: 3/3 levels left

rFire    . . .     SeeInvis .   a - +0 rapier
rCold    . . .     Gourm    .   (shield restricted)
rNeg     . . .     Faith    .   b - +0 leather armour
rPois    .         Spirit   .   c - +0 helmet
rElec    .         Reflect  .   (no cloak)
rCorr    .         Harm     .   (no gloves)
MR       .....                  (no boots)
Stlth    +.........             (no amulet)
HPRegen  0.09/turn              (no ring)
MPRegen  0.09/turn              (no ring)

@: no status effects
A: small, carnivore
a: no special abilities


You were on level 3 of the Dungeon.
You were completely stuffed.

You visited 1 branch of the dungeon, and saw 3 of its levels.

You collected 69 gold pieces.

Inventory:

Hand Weapons
 a - a +0 rapier (weapon)
Armour
 b - a +0 leather armour (worn)
 c - a +0 helmet (worn)
Scrolls
 g - 2 scrolls of magic mapping {unknown}
 h - 2 scrolls of identify {unknown}
 m - 2 scrolls of teleportation
 n - 3 scrolls of remove curse {unknown}
Potions
 i - a potion of lignification {unknown}
 k - a potion of cancellation {unknown}
 l - a potion of heal wounds {unknown}
Comestibles
 f - a ration
 j - 4 chunks of flesh


   Skills:
 + Level 3.0 Fighting
 + Level 4.8 Short Blades
 - Level 2.1 Throwing
 + Level 1.3 Armour
 + Level 4.3 Dodging


You had 3 spell levels left.
You didn't know any spells.
Your spell library was empty.

Dungeon Overview and Level Annotations

Branches:
Dungeon (3/15)

Altars:

Annotations:
D:2 Sigmund


Innate Abilities, Weirdness & Mutations

You are small and have problems with some larger weapons.
You are carnivorous and can eat meat at any time.


Message History

Ouch! That really hurt!
* * * LOW HITPOINT WARNING * * *
You are too injured to fight recklessly!
It was a potion of curing.
You feel better.
The worm struggles against the net.
The ogre barely misses you.
You hit the ogre.
The ogre is heavily wounded.
You hit the ogre but do no damage.
The ogre is heavily wounded.
The ogre barely misses you.
The worm struggles against the net.
You hit the ogre.
The ogre is heavily wounded.
The ogre misses you.
The worm struggles against the net.
You hit the ogre.
The ogre is heavily wounded.
You hit the ogre.
The ogre is severely wounded.
The ogre hits you with a +0 giant spiked club!!
Ouch! That really hurt!
You die...

### ########## ##..
#.<.......###.#.#
###.########.#.##.#
................?.#
###.############.##
#.# #@# #.#
#######O## #..
......≈w.# ...
......≈≈.>....$ ###
###.##≈........ #
##..#≈≈≈##
#...##≈≈≈ #...# ##≈
.#.≈≈


You could see an ogre and a worm (caught).

Vanquished Creatures
  Terence (D:2)
  A worker ant zombie (D:2)
  A dart slug (D:1)
  2 giant cockroaches (D:1)
  5 goblins
  A hobgoblin (D:1)
  7 jackals
  3 kobolds (D:1)
  8 bats
  2 frilled lizards (D:1)
  5 rats
36 creatures vanquished.

Notes
Turn   | Place    | Note
-------+----------+-------------------------------------------
     0 | D:1      | Borgoz the Kobold Gladiator began the quest for the Orb.
     0 | D:1      | Reached XP level 1. HP: 12/12 MP: 1/1
   139 | D:1      | Reached XP level 2. HP: 17/18 MP: 2/2
   324 | D:1      | Reached XP level 3. HP: 22/22 MP: 3/3
   588 | D:2      | Noticed Terence
   612 | D:2      | Killed Terence
   612 | D:2      | Reached skill level 1 in Armour
   612 | D:2      | Reached XP level 4. HP: 21/27 MP: 4/4
   958 | D:2      | Noticed Sigmund
   998 | D:3      | Noticed an ogre
  1018 | D:3      | Mangled by an ogre

Skill      XL: |  1  2  3  4 |
---------------+-------------+-----
Dodging        | 4 |  4.3
Armour         | 1 |  1.3
Fighting       | 3 |  3.0
Short Blades   | |  4.8
Throwing       | |  2.1

Action                   |  1- 3 |  4- 6 || total
-------------------------+-------+-------++-------
Melee: Rapier            |    59 |    63 ||   122
Throw: Throwing net      |     2 |     1 ||     3
  Use: Scroll            |       |     1 ||     1
       Potion            |       |     1 ||     1
 Stab: Sleeping          |     2 |       ||     2
       Held in net/web   |     2 |       ||     2
  Eat: Chunk             |     7 |     2 ||     9
Armor: Leather armour    |    11 |    13 ||    24
Dodge: Dodged            |    55 |    83 ||   138
